 Dungeon Crawl Stone Soup version 0.23-a0-629-gae4348f (webtiles) character file.

1503 zishaf the Ducker (level 8, -1/44 HPs)
             Began as a Deep Elf Conjurer on Dec 27, 2018.
             Was a Follower of Fedhas.
             Slain by a howler monkey (6 damage)
             ... on level 7 of the Dungeon.
             The game lasted 00:21:41 (7312 turns).

zishaf the Ducker (Deep Elf Conjurer)               Turns: 7312, Time: 00:21:42

Health: -1/44      AC:  6    Str:  5    XL:     8   Next: 52%
Magic:  19/19      EV: 17    Int: 23    God:    Fedhas [*.....]
Gold:   345        SH:  0    Dex: 15    Spells: 5/19 levels left

rFire    . . .     SeeInvis +   a - +1 hunting sling
rCold    . . .     Gourm    .   (no shield)
rNeg     + . .     Faith    .   n - +1 robe {rN+}
rPois    .         Spirit   .   d - +0 helmet "Fihorooh" {SInv}
rElec    .         Reflect  .   k - +0 cloak
rCorr    .         Harm     .   y - +0 pair of gloves
MR       .....                  (no boots)
Stlth    ++........             x - amulet of rage
HPRegen  0.14/turn              (no ring)
MPRegen  0.16/turn              (no ring)

@: no status effects
A: no striking features
a: Fungal Bloom, Sunlight, Renounce Religion, Evoke Berserk Rage


You were on level 7 of the Dungeon.
You worshipped Fedhas.
Fedhas was aware of your devotion.
You were not hungry.

You visited 1 branch of the dungeon, and saw 7 of its levels.

You collected 345 gold pieces.

Inventory:

Hand Weapons
 a - a +1 hunting sling (weapon)
Missiles
 g - 39 sling bullets
 h - 133 stones (quivered)
Armour
 d - the +0 helmet "Fihorooh" (worn) {SInv}
   (You found it on level 4 of the Dungeon)

   It lets you see invisible.
 f - a +0 robe
 k - a +0 cloak (worn)
 n - a +1 robe of positive energy (worn)
 v - a +0 buckler
 y - a +0 pair of gloves (worn)
Jewellery
 x - an amulet of rage (around neck)
Wands
 t - a wand of disintegration (12)
Scrolls
 b - 4 scrolls of teleportation
 e - a scroll of enchant armour
 o - 3 scrolls of enchant weapon
 p - 2 scrolls of identify
 u - 3 scrolls of remove curse
 w - 2 scrolls of amnesia
 A - a scroll of blinking {unknown}
Potions
 i - 3 potions of ambrosia
 j - a potion of invisibility
 l - 3 potions of lignification
 m - a potion of mutation
 q - a potion of flight
 r - 2 potions of cancellation
 s - 2 potions of curing
 z - 2 potions of haste {unknown}
Comestibles
 c - 2 rations


   Skills:
 - Level 2.0 Fighting
 + Level 7.3 Dodging
 - Level 3.0 Stealth
 * Level 2.7 Shields
 - Level 6.0 Spellcasting
 + Level 7.2 Conjurations
 + Level 2.5 Hexes
 - Level 3.0 Translocations


You had 5 spell levels left.
You knew the following spells:

 Your Spells              Type           Power        Failure   Level  Hunger
a - Magic Dart            Conj           ####         1%          1    None
b - Searing Ray           Conj           #####.       1%          2    None
c - Iskenderun's Mystic   Conj           #####...     4%          4    ###....
d - Force Lance           Conj/Tloc      ####....     11%         4    ###....
z - Dazzling Spray        Conj/Hex       ####..       3%          3    #......

Your spell library contained the following spells:

 Spells                   Type           Power        Failure   Level  Hunger
 Corona                   Hex            ###....      3%          1    None
 Ensorcelled Hibernation  Hex/Ice        ##....       8%          2    None
 Confuse                  Hex            ###.....     9%          3    #......
 Tukima's Dance           Hex            ###.....     9%          3    #......
 Fulminant Prism          Conj/Hex       ####......   12%         4    ###....


Dungeon Overview and Level Annotations

Branches:
Dungeon (7/15)             Temple (0/1) D:6

Altars:
Ashenzari
Cheibriados
Elyvilon
Fedhas
Gozag
Hepliaklqana
Makhleb
Nemelex Xobeh
Ru
Sif Muna
Wu Jian
Yredelemnul
Zin
The Shining One

Shops:
D:7 [

Annotations:
D:7 Dowan, Duvessa, Harold


Message History

The harpoon shot hits you! The howler monkey barely misses you.
Harold throws a throwing net.
The throwing net hits you.
You become entangled in the net!
The howler monkey closely misses you.
You see here a throwing net.
You struggle against the net.
The howler monkey hits you. The howler monkey closely misses you.
You struggle against the net.
The howler monkey hoots and howls with incredible vigour! x2
The howler monkey barely misses you.
You hear an angry hiss.
You struggle against the net.
The howler monkey hits you. x3
Harold hits you from afar with a +0 glaive!
You struggle against the net.
The howler monkey hits you. The howler monkey barely misses you.
You rip the net and break free!
The howler monkey closely misses you.
Harold hits you from afar with a +0 glaive!
* * * LOW HITPOINT WARNING * * *
The howler monkey hits you.
You die...
Fedhas appreciates your contribution to the ecosystem.

################
#.....##.<.....#
#.###.##÷#####.# .
#.###.##.#####.#########...
#.#.........#..............
#.#.#.##.##.#..####..####.
#.#.#.##.##........)....#
#.....##...h@.......∩##@#
###.#########h@####..##.##.
#.##### #......(.......
#.....# ##.##.##.##..##
#####.# ####.##.##.##).#
#.# #..........##..# # #.#
#.....#.#####..#...
#######.# #.......#
#....... #.......#
#.....### #.###...


You could see Harold and 2 howler monkeys.

Vanquished Creatures
  A hungry ghost (D:4)
  A sky beast (D:4)
  A centaur (D:5)
  2 ogres
  2 bullfrogs
  2 scorpions
  A howler monkey (D:7)
  2 crimson imps
  3 orc priests
  3 hounds
  A centaur skeleton (D:7)
  An iguana (D:4)
  Natasha (thrice) (D:3)
  A bullfrog skeleton (D:6)
  5 orc wizards
  A worker ant (D:4)
  2 hound skeletons (D:5)
  3 adders
  4 gnolls
  A shadow imp (D:5)
  2 oozes (D:1)
  An adder skeleton (D:6)
  4 worms
  2 dart slugs
  5 leopard geckos
  10 orcs
  5 giant cockroaches
  6 goblins
  10 hobgoblins
  2 jackals
  8 kobolds
  3 quokkas
  6 bats
  5 frilled lizards
  A jackal zombie (D:5)
  3 leopard gecko skeletons
  A quokka skeleton (D:4)
  5 rats
119 creatures vanquished.

Vanquished Creatures (others)
  A plant (D:4)
  28 toadstools
29 creatures vanquished.

Grand Total: 148 creatures vanquished

Notes
Turn   | Place    | Note
-------+----------+-------------------------------------------
     0 | D:1      | zishaf the Deep Elf Conjurer began the quest for the Orb.
     0 | D:1      | Reached XP level 1. HP: 10/10 MP: 6/6
   146 | D:1      | Reached XP level 2. HP: 15/15 MP: 0/8
   155 | D:1      | Learned a level 2 spell: Searing Ray
   650 | D:1      | Reached XP level 3. HP: 19/19 MP: 4/9
  1364 | D:2      | Learned a level 3 spell: Dazzling Spray
  1388 | D:2      | Found a basalt altar of Yredelemnul.
  1390 | D:2      | Found a hazy altar of Hepliaklqana.
  1564 | D:2      | Reached skill level 5 in Conjurations
  1665 | D:2      | Found a blossoming altar of Fedhas.
  1694 | D:2      | Found a glowing silver altar of Zin.
  1718 | D:2      | Found a sparkling altar of Nemelex Xobeh.
  1724 | D:2      | Found a burning altar of Makhleb.
  1887 | D:2      | Reached XP level 4. HP: 19/24 MP: 4/11
  1924 | D:2      | Found a snail-covered altar of Cheibriados.
  1953 | D:2      | Became a worshipper of Fedhas Madash
  2663 | D:3      | Reached XP level 5. HP: 28/28 MP: 8/13
  2781 | D:3      | Noticed Natasha
  2789 | D:3      | Killed Natasha
  2796 | D:3      | Noticed Natasha
  2803 | D:3      | Killed Natasha
  2889 | D:3      | Noticed Natasha
  2906 | D:3      | Killed Natasha
  3250 | D:4      | Reached skill level 5 in Dodging
  3445 | D:4      | Found a white marble altar of Elyvilon.
  3515 | D:4      | Found a sacrificial altar of Ru.
  3519 | D:4      | Got a brightly glowing helmet
  3525 | D:4      | Identified the +0 helmet "Fihorooh" {SInv} (You found it on
                  | level 4 of the Dungeon)
  3617 | D:4      | Noticed an ogre
  3742 | D:4      | Found an opulent altar of Gozag.
  3743 | D:4      | Found a glowing golden altar of the Shining One.
  3795 | D:4      | Killed an ogre
  3795 | D:4      | Reached XP level 6. HP: 21/32 MP: 4/15
  3873 | D:4      | Learned a level 4 spell: Iskenderun's Mystic Blast
  3878 | D:4      | Learned a level 4 spell: Force Lance
  3929 | D:4      | Found an ornate altar of the Wu Jian Council.
  4087 | D:5      | Entered Level 5 of the Dungeon
  4093 | D:5      | Noticed a hungry ghost
  4124 | D:4      | Killed a hungry ghost
  4124 | D:4      | Reached skill level 1 in Translocations
  4357 | D:5      | Noticed a sky beast
  4359 | D:5      | Reached skill level 5 in Spellcasting
  4359 | D:5      | Reached XP level 7. HP: 34/37 MP: 8/16
  4650 | D:5      | Reached skill level 1 in Fighting
  5661 | D:5      | Reached skill level 1 in Shields
  6014 | D:6      | Reached XP level 8. HP: 43/43 MP: 7/18
  6111 | D:6      | Reached skill level 1 in Hexes
  6489 | D:6      | Found a staircase to the Ecumenical Temple.
  6568 | D:6      | Found a deep blue altar of Sif Muna.
  6742 | D:6      | Found a shattered altar of Ashenzari.
  6774 | D:6      | Reached * piety under Fedhas
  6887 | D:7      | Noticed Harold
  6931 | D:7      | Noticed Dowan
  6932 | D:7      | Noticed Duvessa
  6989 | D:7      | Found Idout's Antique Armour Shop.
  7312 | D:7      | Slain by a howler monkey

Vault maps used:
D:1:      erik_arrival_gehennom, chequers_decorated_corner
D:2:      lemuel_crystal_altar, nicolae_overflow_hidden_temple,
          grunt_temple_overflow_open, first_ration,
          nemelex_xobeh_ov_fountains_minmay
D:3:      uniq_natasha
D:4:      elyvilon_altar_4, kennysheep_little_box, marbit_many_paths,
          gammafunk_temple_overflow_pools, serial_bayou, serial_bayou_pond_e,
          serial_bayou_lake_a, serial_bayou_lagoon_a, serial_bayou_crossing,
          minmay_tree_intersection
D:6:      lemuel_crystal_altar, old_standard_altar, temple_fountains
D:7:      eat_drink_and_be_merry_uskayaw, serial_shops, shop, uniq_duvessa,
          uniq_harold

Skill      XL: |  1  2  3  4  5  6  7  8 |
---------------+-------------------------+-----
Dodging        | 3 4 5 6 7 |  7.3
Stealth        | 3 |  3.0
Conjurations   | 5 6 7 |  7.2
Spellcasting   | 4 5 6 |  6.0
Translocations | 1 3 |  3.0
Fighting       | 1 2 |  2.0
Shields        | 1 2 |  2.7
Hexes          | 2 |  2.5

Action                   |  1- 3 |  4- 6 |  7- 9 || total
-------------------------+-------+-------+-------++-------
 Fire: Hunting sling     |    92 |    80 |    64 ||   236
 Cast: Magic Dart        |    63 |    83 |   127 ||   273
       Dazzling Spray    |     1 |    10 |    13 ||    24
       Iskenderun's Myst |       |       |     9 ||     9
Invok: Fungal Bloom      |       |    10 |    14 ||    24
  Use: Scroll            |       |    12 |     2 ||    14
  Eat: Chunk             |     3 |     4 |     6 ||    13
       Ration            |       |     3 |     1 ||     4
Armor: Robe              |     3 |    13 |    25 ||    41
Dodge: Dodged            |    29 |    30 |   105 ||   164

Table legend:
 A = Non-vault XP
 B = Vault XP
 C = Vault XP percentage of total XP
 D = Non-vault monster count
 E = Vault monster count
 F = Vault count percentage of total count
                 A         B        C        D         E       F
            +---------+---------+-------+---------+---------+-------
      Total |    2094 |      54 |   2.5 |     113 |       6 |   5.0
            +---------+---------+-------+---------+---------+-------
        D:1 |      36 |      18 |  33.3 |      21 |       5 |  19.2
        D:2 |      58 |       0 |   0.0 |      22 |       0 |   0.0
        D:3 |     154 |      36 |  18.9 |      13 |       1 |   7.1
        D:4 |     601 |       0 |   0.0 |      18 |       0 |   0.0
        D:5 |     465 |       0 |   0.0 |      18 |       0 |   0.0
        D:6 |     541 |       0 |   0.0 |      15 |       0 |   0.0
        D:7 |     239 |       0 |   0.0 |       6 |       0 |   0.0
            +---------+---------+-------+---------+---------+-------
